 Dungeon Crawl Stone Soup version 0.21-a0-178-g0b87683 (webtiles) character file.

151 p0werm0de the Skirmisher (level 5, -3/43 HPs)
             Began as a Mummy Chaos Knight on Aug 10, 2017.
             Was an Initiate of Kikubaaqudgha.
             Slain by a killer bee (shapeshifter) (7 damage)
             ... on level 5 of the Dungeon.
             The game lasted 00:02:09 (1283 turns).

p0werm0de the Skirmisher (Mummy Chaos Knight)       Turns: 1283, Time: 00:02:10

Health: -3/43      AC:  5    Str: 18    XL:     5   Next: 10%
Magic:  5/5        EV: 11    Int: 13    God:    Kikubaaqudgha [......]
Gold:   56         SH:  0    Dex: 11    Spells: 4/4 levels left

rFire    x . .     SeeInvis .   a - +0 hand axe (chaos)
rCold    + . .     Gourm    .   (no shield)
rNeg     + + +     Faith    .   b - +2 leather armour
rPois    ∞         Spirit   .   (no helmet)
rElec    .         Reflect  .   (no cloak)
rCorr    .         Harm     .   (no gloves)
MR       .....                  (no boots)
Stlth    +.........             (no amulet)
HPRegen  0.14/turn              e - +3 ring of strength
MPRegen  0.09/turn              (no ring)

@: no status effects
A: no food or potions, fire vulnerability, cold resistance 1, negative energy
resistance 3, torment resistance, unbreathing
a: Renounce Religion


You were on level 5 of the Dungeon.
You worshipped Kikubaaqudgha.
Kikubaaqudgha was noncommittal.
You were not hungry.

You visited 1 branch of the dungeon, and saw 5 of its levels.

You collected 56 gold pieces.

Inventory:

Hand Weapons
 a - a +0 hand axe of chaos (weapon)
Armour
 b - a +2 leather armour (worn)
Jewellery
 e - a +3 ring of strength (left hand)
Scrolls
 c - 2 scrolls of teleportation {unknown}
 d - a scroll of enchant weapon {unknown}
 f - a scroll of remove curse {unknown}
 g - a scroll of identify {unknown}
 h - a scroll of blinking {unknown}


   Skills:
 * Level 4.5 Fighting
 * Level 3.9 Axes
 - Level 1.5 Armour
 - Level 0.7 Dodging


You had 4 spell levels left.
You didn't know any spells.

Dungeon Overview and Level Annotations

Branches:
Dungeon (5/15)
 Temple: D:4-7

Altars:
Kikubaaqudgha
Trog
Uskayaw
The Shining One


Innate Abilities, Weirdness & Mutations

You do not eat or drink.
Your flesh is vulnerable to fire.
You are immune to poison.
Your flesh is cold resistant. (rC+)
You are immune to negative energy. (rN+++)
You are immune to unholy pain and torment.
You can survive without breathing.


Message History

Deactivating autopickup; reactivate with Ctrl-A.
Something bites you! Something bites you.
You hit something but do no damage. Something bites you but does no damage.
You closely miss something. Something bites you.
You miss something. Something bites you. x2
You completely miss something. Something bites you but does no damage.
You closely miss something. Something bites you but does no damage.
You miss something. Something bites you.
* * * LOW HITPOINT WARNING * * *
Something bites you but does no damage.
You closely miss something. Something bites you.
* * * LOW HITPOINT WARNING * * *
You hit something but do no damage.
A killer bee appears out of thin air!
Reactivating autopickup.
The killer bee is heavily wounded.
The killer bee stings you.
* * * LOW HITPOINT WARNING * * *
The killer bee stings you!
You die...
Kikubaaqudgha rasps: "You have failed me!
Welcome... oblivion!"

## .?.
....###
.##....##
......y.###
#
#.#@..#.##..
#..........#
####<.......
#####....
###


You could see a killer bee.

Vanquished Creatures
  A howler monkey (D:3)
  2 worker ants
  3 gnolls (D:4)
  2 adders
  An orc (D:4)
  3 giant cockroaches
  3 jackals (D:4)
  A kobold (D:2)
  2 quokkas
  A frilled lizard (D:4)
  A jackal skeleton (D:4)
20 creatures vanquished.

Notes
Turn   | Place    | Note
-------+----------+-------------------------------------------
     0 | D:1      | p0werm0de the Mummy Chaos Knight began the quest for the Orb.
     0 | D:1      | Reached XP level 1. HP: 18/18 MP: 1/1
    73 | D:2      | Reached XP level 2. HP: 6/24 MP: 2/2
   248 | D:2      | XOM: harmless Air miscast
   293 | D:3      | Noticed a howler monkey
   295 | D:3      | XOM: divination: detect creatures
   304 | D:3      | Killed a howler monkey
   304 | D:3      | Reached skill level 3 in Axes
   304 | D:3      | Reached XP level 3. HP: 13/30 MP: 3/3
   427 | D:4      | Reached skill level 4 in Fighting
   509 | D:3      | XOM: harmless Erth miscast
   601 | D:3      | Reached XP level 4. HP: 21/37 MP: 4/4
   685 | D:3      | XOM: harmless Hex miscast
   708 | D:4      | Found a glowing golden altar of the Shining One.
   877 | D:4      | Found a hide-covered altar of Uskayaw.
   894 | D:4      | Found an ancient bone altar of Kikubaaqudgha.
   909 | D:4      | Found a bloodstained altar of Trog.
   944 | D:3      | XOM: divination: detect creatures
  1250 | D:4      | Fell from the grace of Xom
  1250 | D:4      | Became a worshipper of Kikubaaqudgha
  1262 | D:5      | Entered Level 5 of the Dungeon
  1268 | D:5      | Reached XP level 5. HP: 40/43 MP: 5/5
  1283 | D:5      | HP: 4/43 [killer bee (shapeshifter) (4)]
  1283 | D:5      | Slain by a killer bee (shapeshifter)

Vault maps used:
D:1:      minmay_arrival_radiant_lines, kennysheep_nondescript,
          item_on_display_a
D:2:      lemuel_coloured_pillars_altar, lemuel_crystal_altar,
          overflow_temple_1_default
D:3:      nicolae_qazlal_style_of_elements, first_bread, minmay_misc_feat_cross
D:4:      kennysheep_mini, grunt_temple_overflow_open, tso_metal_star
D:5:      kennysheep_mini_moat, kennysheep_slug_shrine,
          minmay_temple_entry_trees, serial_shops, nicolae_shop_behind_doors,
          minivault_4

Skill      XL: |  1  2  3 |
---------------+----------+-----
Axes           | 3 |  3.9
Fighting       | 4 |  4.5
Armour         | |  1.5
Dodging        | |  0.7

Action                   |  1- 3 |  4- 6 || total
-------------------------+-------+-------++-------
Melee: Hand axe          |    37 |    61 ||    98
Armor: Leather armour    |    23 |    16 ||    39
Dodge: Dodged            |    23 |    33 ||    56
